 Dungeon Crawl Stone Soup version 0.32-a0-699-g1ee5eff69a (webtiles) character file.

Game seed: 14391172660487144128

117905 Esekla the Warrior (level 16, 0/142 (158) HPs)
             Began as a Mountain Dwarf Wanderer on Mar 12, 2024.
             Was the Champion of Beogh.
             Slain by Korbok the orc apostle
             ... wielding a +0 glaive of freezing
              (2 damage)
             ... on level 2 of the Spider Nest on Mar 13, 2024.
             The game lasted 03:32:48 (29415 turns).

Esekla the Warrior (Mountain Dwarf Wanderer)       Turns: 29415, Time: 03:32:48

HP:   0/142 (158)   AC: 36    Str: 19    XL:     16   Next: 24%
MP:   25/28         EV:  9    Int: 19    God:    Beogh [******]
Gold: 203           SH:  7    Dex: 14    Spells: 18/31 levels left

rFire   + . .        a - +8 mithril axe "Arga" {speed, Will+}
rCold   + . .        N - +2 buckler
rNeg    . . .        E - +18 Lear's hauberk
rPois   +            (helmet currently unavailable)
rElec   .            t - scarf {rC+ rF+}
rCorr   .            (gloves currently unavailable)
SInv    .            (boots currently unavailable)
Will    ++...        P - amulet of Denwong {Acrobat Harm Str+2 Dex+3 Stlth-} Stlth
                     U - +4 ring of protection
HPRegen 0.43/turn    O - ring of Cugir {Wiz rPois}
MPRegen 0.21/turn

%: harm (+30% outgoing, +20% incoming), acrobat, wizardry (x1)
@: studying 2 skills, heavily drained
A: walk on water, runic magic, artefact enchanting, horns 1, iridescent scales
1, agile 1
a: Renounce Religion, Smiting, Blood for Blood


You were on level 2 of the Spider Nest.
You worshipped Beogh.
Beogh was exalted by your worship.
You visited 6 branches of the dungeon, and saw 26 of its levels.
You also visited: Trove, Gauntlet and Ice Cave.

You collected 2351 gold pieces.
You spent 2148 gold pieces at shops.

Inventory:

Hand Weapons
 a - the +8 mithril axe "Arga" (weapon) {speed, Will+}
   (You found it in a treasure trove)

   Will+:     It increases your willpower.
 c - the +9 hand axe of the Aged Planets {spect, Fly Int+4}
   (You found it in a treasure trove)

   Int+4:     It affects your intelligence (+4).
   Fly:       It grants you flight.
 f - a +2 war axe of flaming
 r - a +5 trident of protection
 s - a +2 dagger of venom
Missiles
 l - 15 boomerangs
 u - 5 silver javelins
 G - 50 poisoned darts (quivered)
 W - 10 curare-tipped darts
Armour
 h - the +3 leather armour "Alusy" {rC+ Str+2}
   (You bought it in a shop on level 2 of the Orcish Mines)

   Str+2:     It affects your strength (+2).
   rC+:       It protects you from cold.
 i - the +0 cloak of Inett {rC+ Dex+2}
   (You found it in a Gauntlet)

   Dex+2:     It affects your dexterity (+2).
   rC+:       It protects you from cold.
 q - a +0 pair of boots of flying
 t - a scarf of resistance (worn)
 E - the +18 Lear's hauberk (worn)
   (You found it on level 6 of the Dungeon)
 N - a +2 buckler (worn)
 X - a +2 ring mail of fire resistance
Magical Staves
 d - a staff of death
Jewellery
 v - a +6 ring of strength
 y - a ring of fire
 z - a ring of ice
 O - the ring of Cugir (right hand) {Wiz rPois}
   (You found it in a treasure trove)

   [ring of wizardry]

   Wiz:       It improves your spell success rate.
   rPois:     It protects you from poison.
 P - the amulet of Denwong (around neck) {Acrobat Harm Str+2 Dex+3 Stlth-}
   (You found it in a treasure trove)

   [amulet of the acrobat]

   Acrobat:   It increases your evasion while moving and waiting.
   Str+2:     It affects your strength (+2).
   Dex+3:     It affects your dexterity (+3).
   Harm:      It increases damage dealt and taken.
   Stlth-:    It makes you less stealthy.
 Q - an amulet of reflection
 R - a ring of see invisible
 U - a +4 ring of protection (left hand)
Wands
 p - a wand of iceblast (19)
 D - a wand of mindburst (5)
 H - a wand of acid (8)
 M - a wand of digging (3)
Scrolls
 j - 3 scrolls of fear
 m - 4 scrolls of blinking
 n - a scroll of brand weapon
 o - 6 scrolls of identify
 w - 4 scrolls of poison
 x - 8 scrolls of teleportation
 B - a scroll of silence
 L - a scroll of revelation
 S - 2 scrolls of enchant armour
 T - a scroll of enchant weapon
 Y - 2 scrolls of fog
Potions
 b - a potion of curing
 e - 2 potions of haste
 g - 2 potions of attraction
 k - 3 potions of resistance
 C - a potion of berserk rage
 I - a potion of might
 J - 4 potions of brilliance
 K - 3 potions of magic
 V - a potion of cancellation
 Z - 2 potions of invisibility


   Skills:
 * Level 18.3 Fighting
 - Level 16.1 Axes
 + Level 5.5 Throwing
 + Level 11.9 Armour
 + Level 4.5 Dodging
 + Level 4.8 Shields
 * Level 8.4 Spellcasting
 + Level 4.0 Conjurations
 * Level 11.9 Necromancy
 + Level 1.7 Translocations
 * Level 2.2 Air Magic
 * Level 1.6 Alchemy
 * Level 11.5 Invocations
 + Level 1.1 Evocations


You had 18 spell levels left.
You knew the following spells:

 Your Spells              Type           Power      Damage    Failure   Level
c - Mephitic Cloud        Conj/Alch/Air  17%        N/A       7%          3
d - Vampiric Draining     Necr           52%        2d9       1%          3
e - Searing Ray           Conj           46%        2d6       1%          2
i - Iskenderun's Mystic   Conj/Tloc      19%        2d6       19%         4
p - Apportation           Tloc           28%        N/A       3%          1

Your spell library contained the following spells:

 Spells                   Type           Power      Damage    Failure   Level
 Kiss of Death            Conj/Necr      100%       2d13      1%          1
 Magic Dart               Conj           92%        1d7       1%          1
 Shock                    Conj/Air       76%        1d7       1%          1
 Curse of Agony           Necr           52%        N/A       1%          5
 Foxfire                  Conj/Fire      60%        2x1d7     2%          1
 Slow                     Hex            28%        N/A       6%          1
 Summon Small Mammal      Summ           28%        N/A       6%          1
 Death Channel            Necr           26%        N/A       8%          6
 Dazzling Flash           Conj/Hex       30%        N/A       9%          3
 Swiftness                Air            16%        N/A       9%          3
 Jinxbite                 Hex            14%        N/A       10%         2
 Gell's Gravitas          Tloc           14%        N/A       10%         3
 Volatile Blastmotes      Fire/Tloc      22%        2d11      14%         3
 Call Canine Familiar     Summ           7%         N/A       19%         3
 Confusing Touch          Hex            7%         N/A       19%         3
 Sigil of Binding         Hex            7%         N/A       19%         3
 Summon Ice Beast         Ice/Summ       7%         N/A       19%         3
 Tukima's Dance           Hex            7%         N/A       19%         3
 Fulminant Prism          Conj/Alch      9%         3d7       21%         4
 Airstrike                Air            8%         2d(2-18)  26%         4
 Vhi's Electric Charge    Tloc/Air       30%        N/A       26%         4
 Passage of Golubria      Tloc           14%        N/A       30%         4
 Dimensional Bullseye     Hex/Tloc       5%         N/A       41%         4
 Arcjolt                  Conj/Air       9%         1d19      43%         5
 Summon Blazeheart Golem  Fire/Summ      7%         N/A       52%         4
 Alistair's Intoxication  Alch           9%         N/A       63%         5
 Silence                  Hex/Air        6%         N/A       71%         5
 Yara's Violent Unravell  Hex/Alch       5%         3d4       75%         5
 Summon Mana Viper        Hex/Summ       7%         N/A       85%         5
 Starburst                Conj/Fire      7%         6d4       98%         6
 Haunt                    Necr/Summ      15%        N/A       98%         7
 Plasma Beam              Fire/Air       6%         2x1d16    99%         6
 Sculpt Simulacrum        Ice/Alch       5%         N/A       99%         6
 Monstrous Menagerie      Summ           3%         N/A       100%        7
 Ozocubu's Refrigeration  Ice            3%         4d8       100%        7
 Polar Vortex             Ice            3%         N/A       100%        9


Dungeon Overview and Level Annotations

Branches:
Dungeon (15/15)            Temple (1/1) D:5            Lair (5/5) D:11
 Shoals (0/4) Lair:2       Spider (2/4) Lair:2        Slime (0/5) Lair:5
    Orc (2/2) D:10            Elf (0/3) Orc:2        Vaults (0/5) D:14
 Depths (1/4) D:15          IceCv (visited)         Gauntlet (visited)

Altars:
Ashenzari
Cheibriados
Dithmenos
Elyvilon
Fedhas
Gozag
Hepliaklqana
Kikubaaqudgha
Makhleb
Nemelex Xobeh
Okawaru
Qazlal
Ru
Sif Muna
Trog
Uskayaw
Vehumet
Wu Jian
Xom
Yredelemnul
Zin
The Shining One
Beogh
Jiyva

Shops:
D:2 [   D:4 ?   D:5 *   D:10 (   Orc:1 *   Orc:2 [(:*

Portals:
Hell: Depths:1

Annotations:
D:3 1 runed translucent door, zenocrate's ghost, amateur OpEE


Innate Abilities, Weirdness & Mutations

You can walk on water.
Your facial features are unmistakably orcish.
Your spellcasting is much less encumbered by armour.
You can use scrolls of enchantment on lesser artefacts.
You have a pair of small horns on your head.
You are partially covered in iridescent scales. (AC +2)
You are agile. (Dex +4, Str/Int -1)


Message History

You bump into the rock wall.
The orc high priest prays to Beogh.
Korbok hits you from afar with a +0 glaive of freezing!!
* * * LOW HITPOINT WARNING * * *
Korbok freezes you.
* * * LOW HITPOINT WARNING * * *
The orc knight hits you but does no damage.
The chaos spawn gores you but does no damage.
You slice the orc knight!!
You kill the orc knight!
That felt strangely unrewarding.
You slash the orc high priest! You slash the red devil!
You slice the chaos spawn!!
The orc high priest calls upon Beogh to heal Korbok.
Korbok is healed somewhat.
Korbok hits you from afar with a +0 glaive of freezing.
* * * LOW HITPOINT WARNING * * *
The orc high priest hits you but does no damage.
The chaos spawn pecks you but does no damage.
You closely miss the red devil. You headbutt the red devil.
The red devil is heavily wounded.
You hit the chaos spawn. You closely miss the orc high priest.
The red devil hits you but does no damage.
You feel less invigorated.
You feel less confused. The orc high priest barely misses you.
Korbok barely misses you. The chaos spawn closely misses you.
The red devil hits you but does no damage.
Casting: Vampiric Draining (safe; 1% risk of failure)
Confirm with . or Enter, or press ? or * to list all spells.
Aiming: Vampiric Draining (safe; 1% risk of failure)
Press: ? - help, Shift-Dir - straight line, f - orc high priest, p - Korbok
Aim: an orc high priest, wielding a +0 dire flail (almost dead, durably summoned, strong)
You draw life force from the orc high priest.
You feel life coursing into your body.
The orc high priest hits you with a +0 dire flail.
* * * LOW HITPOINT WARNING * * *
Korbok hits you from afar with a +0 glaive of freezing!
* * * LOW HITPOINT WARNING * * *
Korbok freezes you.
You die...

#.#...# #4...##
#####..### #..###..######
### #...#4.#.#.o#
#.3.#^..#..o.o.#
#......5...#..####
##..##oo####.....#.^##
..... #o34@4#.#.~~~~~.#
..[...###54o.####~~≈~≈~~#
...##. #..#### ~~~###~~~
.# ####...# ~≈### #~
#.#..#.# ~~P #....###
#~~P ##....# #~~P ##3###
#~~≈ ###


You could see Korbok the orc apostle (strong, divinely empowered), 3 orc high
priests, a rust devil (summoned), a ynoxinul (summoned), a red devil (summoned),
a chaos spawn (summoned) and an ufetubus (summoned).

Vanquished Creatures
  A lich (D:15)
  Gastronok (Lair:1)
  An orc warlord (Orc:2)
  A broodmother (Spider:2)
  A juggernaut skeleton (Depths:1)
  A minotaur (Gauntlet)
  An ettin (D:15)
  An ogre mage (D:11)
  7 hydras
  A rakshasa (D:15)
  3 centaur warriors
  3 boulder beetles
  2 catoblepae
  7 two-headed ogres
  2 tengu warriors (D:15)
  An occultist (Depths:1)
  4 demonic crawlers
  A hell knight (D:15)
  2 skysharks
  A pharaoh ant (Spider:1)
  A death drake (shapeshifter) (D:14)
  An orb spider (Spider:2)
  5 orc knights
  10 wolf spider zombies (Spider:1)
  4 necromancers
  A deep elf pyromancer (D:14)
  11 ugly things
  4 wolf spiders
  3 cyclopes
  A moth of wrath (Spider:1)
  2 oklob plants
  16 elephants
  A frost giant zombie (Depths:1)
  5 manticores
  An ice statue (IceCv)
  A meliai (shapeshifter) (D:14)
  2 molten gargoyles (Gauntlet)
  5 black mambas
  A kobold blastminer (Orc:1)
  A rust devil (Lair:4)
  11 cane toads
  4 torpor snails
  Maggie (D:7)
  5 gargoyles
  4 rime drakes
  An anaconda simulacrum (IceCv)
  4 freezing wraiths (IceCv)
  12 ice devils (IceCv)
  A yaktaur (D:11)
  A spark wasp simulacrum (Depths:1)
  5 komodo dragons
  7 redback zombies (Spider:1)
  A queen bee (shapeshifter) (D:14)
  8 trolls
  12 tarantellas
  Grinder (D:3)
  Prince Ribbit (D:8)
  8 culicivora zombies (Spider:1)
  7 dream sheep (Lair:5)
  2 polar bears
  4 hornets (Lair:5)
  12 blink frogs
  12 tarantella zombies (Spider:1)
  A fire giant simulacrum (Depths:1)
  15 jumping spiders
  9 slime creatures
  9 culicivoras
  15 spriggans
  3 vampires
  A spriggan skeleton (Depths:1)
  2 wraiths
  47 yaks
  2 dire elephant simulacra (IceCv)
  Sigmund (D:5)
  5 shadows (Gauntlet)
  4 wyverns
  A water elemental (D:14)
  2 basilisks
  5 wargs
  13 redbacks
  5 steam dragons
  6 death yak simulacra
  4 vampire mosquitoes (D:15)
  Menkaure (D:7)
  2 harpy simulacra (IceCv)
  3 acid dragons
  10 water moccasins
  2 hydra simulacra (IceCv)
  Duvessa (D:6)
  2 ice beasts
  9 black bears
  12 orc warriors
  2 sky beasts
  7 ogres
  2 boggarts (Lair:5)
  39 wolves
  10 centaurs
  4 kobold brigands
  A gnoll sergeant (D:9)
  11 bullfrogs
  3 cane toad simulacra
  6 scorpions
  9 wights
  5 two-headed ogre simulacra
  Dowan (D:6)
  7 elephant simulacra (IceCv)
  6 killer bees (D:11)
  7 howler monkeys
  2 electric eels
  3 bombardier beetles
  3 jellies
  3 hounds
  3 sleepcaps
  15 orc priests
  Crazy Yiuf (D:4)
  2 gnoll boudas
  3 iguanas
  Natasha (thrice) (D:3)
  12 orc wizards
  A troll simulacrum (D:13)
  4 polar bear simulacra (IceCv)
  3 spriggan simulacra
  2 wolf simulacra (IceCv)
  9 adders
  12 gnolls
  A naga simulacrum (IceCv)
  A shadow imp (D:5)
  5 white imps
  7 ufetubi
  6 ribbon worms
  2 dart slugs
  32 orcs
  11 endoplasms
  7 giant cockroaches
  7 goblins
  10 hobgoblins
  27 kobolds
  4 quokkas
  3 ball pythons
  7 bats
  3 frilled lizards (D:3)
  7 rats
775 creatures vanquished.

Vanquished Creatures (others)
  An orc high priest (Orc:2)
  2 orc sorcerers (Orc:2)
  4 orc warriors
  A howler monkey (D:10)
  6 orc priests
  6 orc wizards
  28 orcs
  2 kobolds
  A butterfly (D:10)
51 creatures vanquished.

Grand Total: 826 creatures vanquished

Notes
Turn   | Place    | Note
-------+----------+-------------------------------------------
     0 | D:1      | Esekla the Mountain Dwarf Wanderer began the quest for the
                  | Orb.
     0 | D:1      | Esekla set off with the following items: a +0 club, a
                  | potion of curing, a +0 scale mail; and the following spells
                  | available to memorise: Apportation, Kiss of Death, Gell's
                  | Gravitas, Vampiric Draining, Volatile Blastmotes.
     0 | D:1      | Reached XP level 1. HP: 16/16 MP: 3/3
     2 | D:1      | Learned a level 1 spell: Apportation
   120 | D:1      | Reached XP level 2. HP: 13/24 MP: 4/4
   187 | D:2      | Reached skill level 2 in Fighting
   486 | D:1      | Reached XP level 3. HP: 17/20 MP: 2/5
   495 | D:1      | Learned a level 3 spell: Vampiric Draining
   771 | D:2      | Found Ohar's Armour Shop.
   862 | D:2      | Reached skill level 1 in Axes
  1127 | D:2      | Found a faded altar of an unknown god.
  1217 | D:1      | Reached XP level 4. HP: 31/31 MP: 4/6
  1316 | D:1      | Learned a level 2 spell: Searing Ray
  1721 | D:3      | Found a runed translucent door.
  1819 | D:3      | Reached XP level 5. HP: 35/42 MP: 2/8
  1890 | D:3      | Reached skill level 1 in Conjurations
  2028 | D:3      | Found an opulent altar of Gozag.
  2055 | D:3      | Noticed Natasha
  2062 | D:3      | Killed Natasha
  2075 | D:3      | Reached skill level 5 in Armour
  2142 | D:3      | Noticed Natasha
  2248 | D:2      | Bought a +3 leather armour of cold resistance for 240 gold
                  | pieces
  2310 | D:3      | Killed Natasha
  2378 | D:3      | Noticed Grinder
  2389 | D:3      | Noticed Natasha
  2392 | D:3      | Paralysed by Grinder for 3 turns
  2412 | D:3      | Killed Natasha
  2413 | D:3      | Reached skill level 1 in Dodging
  2413 | D:3      | Paralysed by Grinder for 5 turns
  2428 | D:4      | Found Vamosheo's Magic Scroll Shop.
  2457 | D:4      | Reached XP level 6. HP: 15/50 MP: 2/9
  2538 | D:4      | Bought a scroll of identify for 22 gold pieces
  2629 | D:4      | Found a sparkling altar of Nemelex Xobeh.
  3638 | D:4      | Found a shimmering blue altar of Sif Muna.
  3645 | D:4      | Found a stormy altar of Qazlal.
  3751 | D:4      | Found a runed translucent door.
  3752 | D:4      | Noticed Crazy Yiuf
  3840 | D:5      | Entered Level 5 of the Dungeon
  3848 | D:5      | Found a staircase to the Ecumenical Temple.
  3957 | D:5      | Reached skill level 3 in Fighting
  3963 | Temple   | Entered the Ecumenical Temple
  4212 | D:3      | Noticed zenocrate's ghost (amateur OpEE)
  4402 | D:5      | Noticed Sigmund
  4461 | D:5      | Found Mesor's General Store.
  4606 | D:5      | Killed Sigmund
  4607 | D:5      | Reached XP level 7. HP: 57/57 MP: 9/11
  5070 | D:5      | Became a worshipper of Beogh the Shepherd
  5727 | D:6      | Reached skill level 5 in Axes
  5727 | D:6      | Reached XP level 8. HP: 63/66 MP: 5/12
  5968 | D:6      | Reached skill level 4 in Fighting
  6098 | D:6      | Found the +18 Lear's hauberk
  6128 | D:6      | Noticed Duvessa
  6128 | D:6      | Noticed Dowan
  6311 | D:6      | Killed Duvessa
  6319 | D:6      | Killed Dowan
  6751 | D:6      | Reached skill level 1 in Throwing
  6812 | D:6      | Reached * piety under Beogh
  6998 | D:7      | Noticed a purple ugly thing
  7024 | D:6      | Reached skill level 5 in Fighting
  7310 | D:7      | Reached skill level 5 in Necromancy
  7342 | D:7      | Reached XP level 9. HP: 67/74 MP: 7/14
  7419 | D:7      | Found a radiant altar of Vehumet.
  7626 | D:7      | Noticed Maggie
  7636 | D:7      | Killed Maggie
  7993 | D:7      | Killed a purple ugly thing
  8285 | D:7      | Noticed Menkaure
  8291 | D:7      | Killed Menkaure
  8292 | D:7      | Reached skill level 6 in Fighting
  8327 | D:7      | Reached skill level 1 in Evocations
  8477 | D:8      | Reached ** piety under Beogh
  8489 | D:8      | Noticed Prince Ribbit
  8584 | D:8      | Noticed a gargoyle
  8610 | D:7      | Killed a gargoyle
  8611 | D:7      | Reached XP level 10. HP: 43/84 MP: 9/16
  8944 | D:8      | Killed Prince Ribbit
  9308 | D:4      | Killed Crazy Yiuf
  9692 | D:9      | Found a bloodstained altar of Trog.
 10027 | D:9      | Noticed a two-headed ogre
 10079 | D:8      | Killed a two-headed ogre
 10080 | D:8      | Reached skill level 7 in Fighting
 10435 | D:9      | Reached skill level 5 in Spellcasting
 10439 | D:9      | Reached *** piety under Beogh
 10487 | D:9      | Identified the +5 dire flail of Outrage {heavy, +Blink
                  | Will- Str-2 Int+9}
 10487 | D:9      | Noticed Bogbarth
 10553 | D:10     | Entered Level 10 of the Dungeon
 10664 | D:10     | Found a white marble altar of Elyvilon.
 10705 | D:10     | Noticed a cyclops
 10730 | D:10     | Killed a cyclops
 10731 | D:10     | Reached skill level 1 in Invocations
 10893 | D:10     | Found a snail-covered altar of Cheibriados.
 10930 | D:10     | Found a portal to a secret trove of treasure.
 10946 | D:10     | Found Bemom's Antique Weapon Shop.
 10987 | D:9      | Reached skill level 10 in Axes
 11049 | D:10     | Reached skill level 8 in Fighting
 11242 | D:10     | Found a staircase to the Orcish Mines.
 11405 | D:4      | Bought a scroll of identify for 22 gold pieces
 11405 | D:4      | Bought a scroll of noise for 11 gold pieces
 11464 | D:3      | Paralysed by Grinder for 5 turns
 11474 | D:3      | Killed Grinder
 11656 | D:10     | Reached XP level 11. HP: 90/94 MP: 16/19
 11677 | D:10     | Found an ancient bone altar of Kikubaaqudgha.
 11751 | D:10     | Found a broken altar of Ashenzari.
 11753 | D:10     | Found a basalt altar of Yredelemnul.
 12183 | Trove    | Entered a treasure trove
 12205 | Trove    | Found the +8 mithril axe "Arga" {speed, Will+}
 12209 | Trove    | Identified the +9 hand axe of the Aged Planets {spect, Fly
                  | Int+4}
 12232 | Trove    | Identified the ring of Cugir {Wiz rPois}
 12234 | Trove    | Identified the amulet of Denwong {Acrobat Harm Str+2 Dex+3
                  | Stlth-}
 12672 | D:11     | Noticed an ogre mage
 12860 | D:11     | Killed an ogre mage
 12864 | D:11     | Noticed a two-headed ogre
 12872 | D:11     | Noticed a two-headed ogre
 12877 | D:11     | Noticed a two-headed ogre
 12878 | D:11     | Killed a two-headed ogre
 12881 | D:11     | Killed a two-headed ogre
 12885 | D:11     | Killed a two-headed ogre
 13136 | D:11     | Found a staircase to the Lair.
 13137 | D:11     | Noticed a two-headed ogre
 13157 | D:11     | Killed a two-headed ogre
 13192 | D:11     | Noticed a two-headed ogre
 13227 | D:11     | Killed a two-headed ogre
 13228 | D:11     | Reached skill level 1 in Shields
 13370 | D:11     | Reached skill level 5 in Invocations
 13371 | D:11     | Reached skill level 9 in Fighting
 13418 | D:11     | Reached XP level 12. HP: 104/104 MP: 21/21
 13473 | Lair:1   | Entered Level 1 of the Lair of Beasts
 13490 | Lair:1   | Noticed a catoblepas
 13519 | Lair:1   | Killed a catoblepas
 13732 | Lair:1   | Noticed Gastronok
 13760 | Lair:1   | Killed Gastronok
 14369 | Lair:2   | Reached skill level 10 in Fighting
 14391 | Lair:2   | Found a staircase to the Shoals.
 14617 | Lair:2   | Reached XP level 13. HP: 101/113 MP: 22/22
 14680 | Lair:2   | Gained mutation: You are agile. (Dex +4, Str/Int -1)
                  | [potion of mutation]
 14680 | Lair:2   | Gained mutation: You have a pair of small horns on your
                  | head. [potion of mutation]
 14680 | Lair:2   | Gained mutation: You are partially covered in iridescent
                  | scales. (AC +2) [potion of mutation]
 14943 | Lair:2   | Found a blossoming altar of Fedhas.
 15263 | Lair:2   | Found a hole to the Spider Nest.
 15630 | Lair:3   | Reached skill level 15 in Axes
 15907 | Lair:3   | Reached **** piety under Beogh
 16221 | Lair:3   | Reached skill level 10 in Armour
 17083 | Lair:4   | Identified the +6 dagger of Generosity {vamp, rPois rN+
                  | rCorr}
 17083 | Lair:4   | Identified the +0 robe of Lulew {Fly rC+}
 17556 | Lair:4   | Identified the +4 orcbow of the Volcano {drain, rCorr
                  | Int+2}
 17623 | Lair:4   | Reached skill level 11 in Fighting
 17761 | Lair:5   | Entered Level 5 of the Lair of Beasts
 17819 | Lair:5   | Found a viscous altar of Jiyva.
 17861 | Lair:5   | Found a staircase to the Slime Pits.
 17876 | Lair:5   | Reached ***** piety under Beogh
 17963 | Lair:5   | Reached XP level 14. HP: 124/124 MP: 24/24
 18269 | Lair:5   | Reached skill level 12 in Fighting
 18387 | Lair:5   | Found a white marble altar of Elyvilon.
 18718 | Lair:5   | Reached skill level 10 in Necromancy
 19000 | Orc:1    | Entered Level 1 of the Orcish Mines
 19044 | Orc:1    | Found Risufan's Overcharged Wands.
 19179 | Orc:1    | Found a roughly hewn altar of Beogh.
 19382 | Orc:2    | Entered Level 2 of the Orcish Mines
 19520 | Orc:2    | Noticed an orc warlord
 19545 | Orc:2    | Killed an orc warlord
 19547 | Orc:2    | Reached ****** piety under Beogh
 19665 | Orc:2    | Found a staircase to the Elven Halls.
 19754 | Orc:2    | Found a roughly hewn altar of Beogh.
 19795 | Orc:2    | Reached skill level 13 in Fighting
 20189 | Orc:2    | Found Luta's General Store.
 20195 | Orc:2    | Bought a scroll of identify for 26 gold pieces
 20205 | Orc:2    | Found Kitash's Antique Weapon Emporium.
 20221 | Orc:2    | Found Oriwn's Antique Armour Emporium.
 20237 | Orc:2    | Found Ejeaset's Book Emporium.
 20342 | Orc:2    | Bought a twisted ring mail for 234 gold pieces
 20342 | Orc:2    | Identified the +0 ring mail of Aghun {Harm +Inv rC- Int+2}
                  | (You bought it in a shop on level 2 of the Orcish Mines)
 20343 | Orc:2    | Bought a pair of embroidered boots for 195 gold pieces
 20346 | Orc:2    | Bought a smoking leather armour for 182 gold pieces
 20346 | Orc:2    | Identified the +3 leather armour "Alusy" {rC+ Str+2} (You
                  | bought it in a shop on level 2 of the Orcish Mines)
 20534 | D:5      | Bought a scroll of fog for 44 gold pieces
 20578 | D:4      | Bought a scroll of acquirement for 572 gold pieces
 20682 | D:4      | Acquired a manual of Fighting
 20685 | D:4      | Upgraded the game from 0.32-a0-685-g93135e86f0 to
                  | 0.32-a0-699-g1ee5eff69a
 20893 | D:12     | Found a gate leading to a gauntlet.
 20916 | Gauntlet | Entered a Gauntlet
 20916 | Gauntlet | Found a transporter.
 20919 | Gauntlet | Found a transporter.
 20920 | Gauntlet | Found a transporter.
 20921 | Gauntlet | Found a transporter.
 20924 | Gauntlet | Found a transporter.
 20934 | Gauntlet | Found a transporter.
 20981 | Gauntlet | Found a transporter.
 21001 | Gauntlet | Found a transporter.
 21014 | Gauntlet | Found a transporter.
 21031 | Gauntlet | Found a transporter.
 21035 | Gauntlet | Found a transporter.
 21045 | Gauntlet | Found a transporter.
 21122 | Gauntlet | Identified the +0 cloak of Inett {rC+ Dex+2}
 21713 | D:13     | Reached skill level 14 in Fighting
 22178 | D:13     | Found a frozen archway.
 22229 | IceCv    | Entered an ice cave
 22747 | IceCv    | Found an ancient bone altar of Kikubaaqudgha.
 22773 | IceCv    | Reached XP level 15. HP: 139/139 MP: 26/26
 23105 | IceCv    | Reached skill level 15 in Fighting
 23129 | IceCv    | Reached skill level 10 in Invocations
 23458 | D:13     | Found a shimmering blue altar of Sif Muna.
 23761 | D:14     | Reached skill level 5 in Throwing
 24034 | D:14     | Found an iron altar of Okawaru.
 24190 | D:14     | Found a gate to the Vaults.
 24396 | D:15     | Entered Level 15 of the Dungeon
 24433 | D:15     | Learned a level 4 spell: Iskenderun's Mystic Blast
 24707 | D:15     | Reached skill level 16 in Fighting
 24789 | D:15     | Found an ornate altar of the Wu Jian Council.
 25496 | D:15     | Found a staircase to the Depths.
 25836 | Depths:1 | Entered Level 1 of the Depths
 25836 | Depths:1 | Found a gateway to Hell.
 25846 | Depths:1 | Noticed a lich
 26002 | D:15     | Killed a lich
 26334 | Depths:1 | Noticed a fire giant
 26343 | Depths:1 | Noticed a lich
 26665 | Orc:2    | Bought a book of the Senses for 600 gold pieces
 26669 | Orc:2    | Learned a level 3 spell: Mephitic Cloud
 26836 | Spider:1 | Entered Level 1 of the Spider Nest
 26961 | Spider:1 | Reached skill level 17 in Fighting
 26965 | Spider:1 | Reached skill level 1 in Alchemy
 27228 | Spider:1 | Identified the ring of Xom's Wantonness {rN+ MP+9}
 27394 | Spider:2 | Reached skill level 1 in Air Magic
 27649 | Spider:2 | Reached XP level 16. HP: 104/157 MP: 28/28
 28533 | Spider:1 | Reached skill level 18 in Fighting
 28779 | Spider:1 | Got the Grimoire of the Battered Ears
 29068 | Spider:2 | Paralysed by a Zot trap for 4 turns
 29415 | Spider:2 | HP: 2/142 [Korbok the orc apostle/+0 glaive of freezing
                  | (12)]
 29415 | Spider:2 | Slain by Korbok the orc apostle

Illustrated notes

Levels and vault maps discovered:
D:1:      mrwooster_arrival_statue, layout_rooms, kennysheep_another_room
D:2:      layout_rooms, shapermc_ecumenical_altar_mp_urbaneastern, serial_shops,
          shop_coins
D:3:      layout_loops_ring, lemuel_crystal_altar, ebering_ghost_inner_flame,
          chequers_serial_rivers_room_b, amcnicky_mini_corridor_feature,
          kennysheep_potato, uniq_grinder, uniq_natasha
D:4:      layout_basic, jmf_multi_god_temple2, mainiacjoe_overflow_chevrons,
          serial_shops, shop, uniq_crazy_yiuf_cottage
D:5:      layout_basic, minmay_temple_entry_wispy, minmay_parallelograms,
          grunt_decor_junction, kennysheep_windowed_goal, uniq_sigmund
D:6:      layout_cave_pods, uniq_duvessa
D:7:      layout_basic, pf_just_have_faith, uniq_menkaure, uniq_maggie
D:8:      layout_basic, minivault_24, uniq_prince_ribbit1
D:9:      layout_loops_ring, bloody_trog, kennysheep_generic_room_14
D:10:     layout_basic, lemuel_crystal_altar, nicolae_elyvilon_peaceful_grove,
          slow_altar_1, gammafunk_temple_overflow_pools, hiddenorc2_lemuel,
          enter_trove_2, serial_shops, nicolae_shop_hallway_stairs,
          hangedman_stone_soup
D:11:     layout_roguey, minmay_lair_entry_grove, grunt_tough_drop
D:12:     layout_roguey, gauntlet_entry_generic
D:13:     layout_basic, portal_ice_cave_entry_ice_simulacra,
          chequers_serial_rivers_micro_e, led_sif_book
D:14:     layout_basic, david_vaults_2,
          hellmonk_okawaru_the_only_friend_you_need
D:15:     hangedman_depths_entry_civil_slaughter, layout_loops_ring, hex_tiny,
          nzn_wu_jian_contemplation
Temple:   grunt_temple_mini_profane
Lair:1:   layout_cave_pods, uniq_gastronok
Lair:2:   layout_loops_ring, elwin_shoals_entry_rocks,
          nicolae_spider_entry_non_spiders, tgw_fedhas
Lair:3:   layout_gridlike, grunt_megastairs_3
Lair:4:   layout_loops_ring
Lair:5:   minmay_lair_end_enchanted_forest, layout_small_grid, slime_entry_1,
          lemuel_oklob_altar, serial_bayou_shore_a, lemuel_fruit_fields
Spider:1: lemuel_spider_zombies
Spider:2: layout_spider_delve, worms_lemuel, uniq_nikola
Orc:1:    layout_diamond_mine, basic_altar, nicolae_shop_overcharged_wands
Orc:2:    grunt_orc_cross, layout_caves
Depths:1: layout_cave_shapes, abyss_entry, kennysheep_pointless_box, hell_entry,
          kennysheep_small_square, uniq_mara

Skill      XL: |  1  2  3  4  5  6  7  8  9 10 11 12 13 14 15 16 |
---------------+-------------------------------------------------+-----
Fighting       | 2 3 5 6 8 9 10 11 14 17 18 | 18.3
Axes           | 1 2 3 5 6 8 10 12 14 16 | 16.1
Necromancy     | 2 3 4 5 6 7 8 9 10 11 | 11.9
Spellcasting   | 2 3 4 5 6 7 8 |  8.4
Conjurations   | 1 2 3 4 |  4.0
Armour         | 5 6 7 8 9 10 11 | 11.9
Dodging        | 1 2 3 4 |  4.5
Throwing       | 1 2 3 4 5 |  5.5
Evocations     | 1 |  1.1
Invocations    | 2 5 6 8 9 11 | 11.5
Shields        | 1 2 3 4 |  4.8
Alchemy        | 1 |  1.6
Air Magic      | 1 2 |  2.2
Translocations | |  1.7

Action                     |  1- 3 |  4- 6 |  7- 9 | 10-12 | 13-15 | 16-18 || total
---------------------------+-------+-------+-------+-------+-------+-------++-------
  Melee: Club              |    44 |       |       |       |       |       ||    44
         Hand axe          |   136 |   182 |       |       |       |       ||   318
         Dagger            |     6 |       |       |       |     3 |       ||     9
         War axe           |       |    68 |   301 |   314 |    36 |       ||   719
         Broad axe         |       |       |       |   287 |  1337 |   199 ||  1823
         Headbutt          |       |       |       |       |   386 |    49 ||   435
  Throw: Boomerang         |       |     8 |    29 |    13 |    44 |       ||    94
         Dart              |       |       |       |    14 |    10 |     3 ||    27
         Javelin           |       |       |       |       |     7 |       ||     7
   Cast: Apportation       |     4 |       |     1 |       |     7 |     4 ||    16
         Searing Ray       |       |    22 |    22 |     9 |     1 |       ||    54
         Vampiric Draining |       |       |     4 |    11 |    31 |     6 ||    52
 Invoke: Convert to Beogh  |       |       |     1 |       |       |       ||     1
         Smiting           |       |       |       |     1 |     2 |       ||     3
  Evoke: Wand              |       |       |     5 |     4 |     1 |       ||    10
    Use: Scroll            |       |     5 |     3 |     8 |    16 |     1 ||    33
         Potion            |       |     3 |     3 |     4 |     6 |     3 ||    19
   Stab: Distracted        |       |       |       |     1 |     1 |       ||     2
         Petrified         |       |       |       |     3 |       |       ||     3
 Armour: Scale mail        |   149 |    92 |       |       |       |       ||   241
         Skin              |       |    37 |       |       |       |       ||    37
         Leather armour    |       |   142 |   186 |       |    12 |       ||   340
         Chain mail        |       |       |   217 |   517 |   756 |   208 ||  1698
  Dodge: Dodged            |   107 |   138 |   259 |   244 |   444 |    96 ||  1288
  Block: Buckler           |       |       |       |    45 |   239 |    64 ||   348

Table legend: (Time is in decaauts)
 A = Elapsed time spent in this place.
 B = Non-inter-level travel time spent in this place.
 C = Inter-level travel time spent in this place.
 D = Time resting spent in this place.
 E = Time spent auto-exploring this place.
 F = Levels seen in this place.
 G = Mean time per level.
                   A        B        C        D        E       F      G
               +--------+--------+--------+--------+--------+-----+--------+
         Total |  28921 |  26525 |   2396 |   6102 |   5880 |  29 |  997.3 |
       Dungeon |  18323 |  16416 |   1907 |   3889 |   3474 |  15 | 1221.5 |
        Temple |      1 |      0 |      1 |      0 |      0 |   1 |    1.0 |
          Lair |   5288 |   4979 |    309 |    663 |   1694 |   5 | 1057.6 |
   Spider Nest |   2382 |   2382 |      0 |    973 |    313 |   2 | 1191.0 |
  Orcish Mines |   1485 |   1308 |    177 |    186 |    398 |   2 |  742.5 |
        Depths |     35 |     35 |      0 |      0 |      0 |   1 |   35.0 |
         Trove |     99 |     99 |      0 |      0 |      0 |   1 |   99.0 |
      Ice Cave |    991 |    991 |      0 |    390 |      1 |   1 |  991.0 |
      Gauntlet |    313 |    313 |      0 |      0 |      0 |   1 |  313.0 |
               +--------+--------+--------+--------+--------+-----+--------+

Top non-repeatable levels by time:
     D:4: 1874 daAuts
    D:15: 1833 daAuts
     D:7: 1660 daAuts
     D:6: 1640 daAuts
     D:5: 1636 daAuts
    D:10: 1539 daAuts
  Lair:2: 1411 daAuts
Spider:1: 1391 daAuts
  Lair:3: 1086 daAuts
     D:3: 1075 daAuts
   Orc:2: 1071 daAuts
     D:9: 1057 daAuts
     D:2: 1024 daAuts
   IceCv: 991 daAuts
Spider:2: 991 daAuts
